TOP OF THE 1ST |
Rochester Red Wings batting - Pitching for Tacoma Rainiers : RHP Trevor Richards
|
Pitching: RHP Trevor Richards
|
|
Batting: LHB Mason Williams
|
0-0: Called Strike 0-1: Swinging Strike 0-2: Ball 1-2: Foul Ball, location: 2F 1-2: Strikes out swinging
|
Batting: RHB Daniel Castro
|
0-0: Ball 1-0: Ground out 6-3 (Groundball, 6)
|
Batting: LHB Zach Borenstein
|
0-0: SINGLE (Line Drive, 9LS)
|
Batting: RHB Michael Chavis
|
0-0: DOUBLE (Line Drive, 89D) Zach Borenstein to third Runner from 3rd tries for Home, SAFE, throw made home
|
Batting: LHB Brett Nicholas
|
0-0: Called Strike 0-1: Swinging Strike 0-2: Ball 1-2: Ball 2-2: Ball 3-2: Base on Balls
|
Batting: LHB Nolan Fontana
|
0-0: Called Strike 0-1: Ball 1-1: Swinging Strike 1-2: Ball 2-2: Ground out 4-3 (Groundball, 34)
|
Top of the 1st over - 1 run, 2 hits, 0 errors, 2 left on base; Rochester 1 - Tacoma 0 |
BOTTOM OF THE 1ST |
Tacoma Rainiers batting - Pitching for Rochester Red Wings : RHP Felix Jorge
|
Pitching: RHP Felix Jorge
|
|
Batting: RHB Jeffrey Baez
|
0-0: Swinging Strike 0-1: Ball 1-1: Called Strike 1-2: Fly out, F8 (Flyball, 8RD)
|
Batting: LHB Drew Robinson
|
0-0: Ball 1-0: Swinging Strike 1-1: Fly out, F7 (Flyball, 7LS)
|
Batting: SHB Anthony Santander
|
0-0: Ball 1-0: Ball 2-0: Fly out, F3 (Line Drive, 3)
|
Bottom of the 1st over - 0 runs, 0 hits, 0 errors, 0 left on base; Rochester 1 - Tacoma 0 |
TOP OF THE 2ND |
Rochester Red Wings batting - Pitching for Tacoma Rainiers : RHP Trevor Richards
|
Batting: LHB Connor Panas
|
0-0: Ground out 6-3 (Groundball, 4M)
|
Batting: RHB Ryan McBroom
|
0-0: Ball 1-0: Foul Ball, location: 2F 1-1: Swinging Strike 1-2: Foul Ball, location: 2F 1-2: SINGLE (Line Drive, 4D)
|
Batting: RHB Grayson Greiner
|
0-0: Called Strike 0-1: Foul Ball, location: 2F 0-2: Strikes out swinging
|
Batting: LHB Mason Williams
|
0-0: Foul Ball, location: 2F 0-1: Ball 1-1: Swinging Strike 1-2: SINGLE (Flyball, 89S) Ryan McBroom to second Runner from 2nd tries for 3rd, SAFE, no throw
|
Batting: RHB Daniel Castro
|
0-0: Ball 1-0: Ball 2-0: Called Strike 2-1: Ball 3-1: SINGLE (Line Drive, 78M) Ryan McBroom scores Mason Williams to second
|
Batting: LHB Zach Borenstein
|
0-0: Called Strike 0-1: Ball 1-1: Foul Ball, location: 2F 1-2: Fly out, F8 (Line Drive, 8LD)
|
Top of the 2nd over - 1 run, 3 hits, 0 errors, 2 left on base; Rochester 2 - Tacoma 0 |
BOTTOM OF THE 2ND |
Tacoma Rainiers batting - Pitching for Rochester Red Wings : RHP Felix Jorge
|
Batting: RHB Tyler O'Neill
|
0-0: Ball 1-0: Ball 2-0: Ball 3-0: Called Strike 3-1: Called Strike 3-2: Foul Ball, location: 2F 3-2: SINGLE (Flyball, 78M)
|
Batting: RHB Austin Riley
|
0-0: Ball 1-0: Fly out, F1 (Popup, P)
|
Batting: LHB Jose Marmolejos
|
0-0: SINGLE (Line Drive, 78S) Tyler O'Neill to second
|
Batting: LHB Mike Papi
|
0-0: Ball 1-0: Fly out, F4 (Popup, 34S)
|
Batting: RHB Caleb Joseph
|
0-0: Ball 1-0: Foul Ball, location: 2F 1-1: Ball 2-1: Foul Ball, location: 2F 2-2: Fielders Choice at 2nd, 6-4 (Groundball, 6)
|
Bottom of the 2nd over - 0 runs, 2 hits, 0 errors, 2 left on base; Rochester 2 - Tacoma 0 |
TOP OF THE 3RD |
Rochester Red Wings batting - Pitching for Tacoma Rainiers : RHP Trevor Richards
|
Batting: RHB Michael Chavis
|
0-0: Ball 1-0: SINGLE (Line Drive, 6D)
|
Batting: LHB Brett Nicholas
|
0-0: Ball 1-0: Called Strike 1-1: Ball 2-1: Ball 3-1: SINGLE (Line Drive, 78M) Michael Chavis to second
|
Batting: LHB Nolan Fontana
|
0-0: Foul Ball, location: 2F 0-1: Foul Ball, location: 2F 0-2: Strikes out swinging
|
Batting: LHB Connor Panas
|
0-0: Ball 1-0: Ball 2-0: Fly out, F8 (Flyball, 8LXD) Runner from 2nd tags up, SAFE at 3rd, no throw
|
Batting: RHB Ryan McBroom
|
0-0: Ball 1-0: Fly out, F3 (Popup, 23)
|
Top of the 3rd over - 0 runs, 2 hits, 0 errors, 2 left on base; Rochester 2 - Tacoma 0 |
BOTTOM OF THE 3RD |
Tacoma Rainiers batting - Pitching for Rochester Red Wings : RHP Felix Jorge
|
Batting: RHB Osvaldo Abreu
|
0-0: Called Strike 0-1: Ball 1-1: Foul Ball, location: 2F 1-2: Strikes out swinging
|
Batting: RHB Jeffrey Baez
|
0-0: Called Strike 0-1: Ground out 4-3 (Groundball, 4)
|
Batting: LHB Drew Robinson
|
0-0: Called Strike 0-1: Ball 1-1: Ball 2-1: Foul Ball, location: 2F 2-2: Ground out 4-3 (Groundball, 4)
|
Bottom of the 3rd over - 0 runs, 0 hits, 0 errors, 0 left on base; Rochester 2 - Tacoma 0 |
TOP OF THE 4TH |
Rochester Red Wings batting - Pitching for Tacoma Rainiers : RHP Trevor Richards
|
Batting: RHB Grayson Greiner
|
0-0: Ball 1-0: Ball 2-0: Called Strike 2-1: Foul Ball, location: 2F 2-2: Ball 3-2: Strikes out swinging
|
Batting: LHB Mason Williams
|
0-0: Ball 1-0: Foul Ball, location: 2F 1-1: SINGLE (Line Drive, 89S)
|
Batting: RHB Daniel Castro
|
0-0: Called Strike 0-1: Foul Ball, location: 2F 0-2: Ball 1-2: Strikes out looking
|
Batting: LHB Zach Borenstein
|
0-0: Ball 1-0: Swinging Strike 1-1: Called Strike Mason Williams steals 2nd base 1-2: Ball 2-2: Ball 3-2: SINGLE (Line Drive, 9LM) Mason Williams to third Mason Williams scores
|
Batting: RHB Michael Chavis
|
0-0: DOUBLE (Line Drive, 5D) Zach Borenstein to third Runner from 3rd tries for Home, SAFE, throw made home
|
Batting: LHB Brett Nicholas
|
0-0: Ball 1-0: Called Strike 1-1: Swinging Strike 1-2: Foul Ball, location: 2F 1-2: Ball 2-2: Fly out, F5 (Popup, 6)
|
Top of the 4th over - 2 runs, 3 hits, 0 errors, 1 left on base; Rochester 4 - Tacoma 0 |
BOTTOM OF THE 4TH |
Tacoma Rainiers batting - Pitching for Rochester Red Wings : RHP Felix Jorge
|
Batting: SHB Anthony Santander
|
0-0: Ball 1-0: Fly out, F8 (Flyball, 89D)
|
Batting: RHB Tyler O'Neill
|
0-0: Called Strike 0-1: Fly out, F9 (Flyball, 9LS)
|
Batting: RHB Austin Riley
|
0-0: Foul Ball, location: 2F 0-1: Ball 1-1: Ball 2-1: Ball 3-1: Swinging Strike 3-2: Base on Balls
|
Batting: LHB Jose Marmolejos
|
0-0: Ball 1-0: Foul Ball, location: 2F 1-1: Ball 2-1: Swinging Strike 2-2: Foul Ball, location: 2F 2-2: Ball 3-2: Fly out, F7 (Flyball, 78M)
|
Bottom of the 4th over - 0 runs, 0 hits, 0 errors, 1 left on base; Rochester 4 - Tacoma 0 |
TOP OF THE 5TH |
Rochester Red Wings batting - Pitching for Tacoma Rainiers : RHP Trevor Richards
|
Pitching: LHP Rob Kaminsky
|
|
Batting: LHB Nolan Fontana
|
0-0: Ball 1-0: Ball 2-0: Foul Ball, location: 2F 2-1: Ball 3-1: Foul Ball, location: 2F 3-2: Base on Balls
|
Batting: LHB Connor Panas
|
0-0: Swinging Strike 0-1: Bunt - Flyout! F3
|
Batting: RHB Ryan McBroom
|
0-0: SINGLE (Flyball, 78S) Nolan Fontana to second
|
Batting: RHB Grayson Greiner
|
0-0: Ball 1-0: SINGLE (Line Drive, 8LS) Nolan Fontana to third Ryan McBroom to second
|
Batting: LHB Mason Williams
|
0-0: Foul Ball, location: 2F 0-1: Ball 1-1: Ball 2-1: Ball 3-1: Base on Balls Nolan Fontana scores Ryan McBroom to third Grayson Greiner to second
|
Batting: RHB Daniel Castro
|
0-0: Ball 1-0: Ball 2-0: Grounds into fielders choice 6-2 (Groundball, 6) Grayson Greiner to third Mason Williams to second
|
Batting: LHB Zach Borenstein
|
0-0: Called Strike 0-1: Called Strike 0-2: DOUBLE (Flyball, 78XD) Grayson Greiner scores Mason Williams scores Daniel Castro to third Runner from 3rd tries for Home, SAFE, no throw
|
Batting: RHB Michael Chavis
|
0-0: Ball 1-0: SINGLE (Line Drive, 78S) Zach Borenstein to third Runner from 3rd tries for Home, throw and OUT!
|
Top of the 5th over - 4 runs, 4 hits, 0 errors, 1 left on base; Rochester 8 - Tacoma 0 |
BOTTOM OF THE 5TH |
Tacoma Rainiers batting - Pitching for Rochester Red Wings : RHP Felix Jorge
|
Batting: LHB Mike Papi
|
0-0: Ball 1-0: Ball 2-0: Foul Ball, location: 2F 2-1: Foul Ball, location: 2F 2-2: SOLO HOME RUN (Flyball, 9LD), Distance : 376 ft
|
Batting: RHB Caleb Joseph
|
0-0: Called Strike 0-1: Swinging Strike 0-2: Foul Ball, location: 2F 0-2: Fly out, F7 (Flyball, 7D)
|
Batting: RHB Osvaldo Abreu
|
0-0: Ball 1-0: SINGLE (Line Drive, 4M)
|
Batting: RHB Jeffrey Baez
|
0-0: Foul Ball, location: 2F 0-1: Ball 1-1: Swinging Strike 1-2: Ball 2-2: SINGLE (Groundball, 4MD) Osvaldo Abreu to second Runner from 2nd tries for 3rd, SAFE, throw made to third
|
Batting: LHB Drew Robinson
|
0-0: Called Strike 0-1: SINGLE (Line Drive, 8LS) Osvaldo Abreu scores Jeffrey Baez to second
|
Batting: SHB Anthony Santander
|
0-0: Foul Ball, location: 2F 0-1: 3-RUN HOME RUN (Flyball, 7D), Distance : 384 ft
|
Batting: RHB Tyler O'Neill
|
0-0: Fly out, F8 (Flyball, 89D)
|
Batting: RHB Austin Riley
|
0-0: Swinging Strike 0-1: Ball 1-1: Ball 2-1: Foul Ball, location: 2F 2-2: Ball 3-2: Fly out, F8 (Flyball, 8RD)
|
Bottom of the 5th over - 5 runs, 5 hits, 0 errors, 0 left on base; Rochester 8 - Tacoma 5 |
TOP OF THE 6TH |
Rochester Red Wings batting - Pitching for Tacoma Rainiers : LHP Rob Kaminsky
|
Pitching: RHP Sam Perez
|
|
Batting: LHB Brett Nicholas
|
0-0: Ball 1-0: Ball 2-0: Ball 3-0: Called Strike 3-1: Ground out U3 (Groundball, 3)
|
Batting: LHB Nolan Fontana
|
0-0: Called Strike 0-1: SOLO HOME RUN (Line Drive, 7D), Distance : 402 ft
|
Batting: LHB Connor Panas
|
0-0: Foul Ball, location: 2F 0-1: SINGLE (Groundball, 3D)
|
Pitching: RHP Yacksel Rios
|
|
Batting: RHB Ryan McBroom
|
0-0: Ball 1-0: Fly out, F7 (Flyball, 7LS)
|
Batting: RHB Grayson Greiner
|
0-0: Swinging Strike 0-1: Fly out, F7 (Flyball, 78M)
|
Top of the 6th over - 1 run, 2 hits, 0 errors, 1 left on base; Rochester 9 - Tacoma 5 |
BOTTOM OF THE 6TH |
Tacoma Rainiers batting - Pitching for Rochester Red Wings : RHP Felix Jorge
|
Batting: LHB Jose Marmolejos
|
0-0: Swinging Strike 0-1: Foul Ball, location: 2F 0-2: Ball 1-2: Strikes out looking
|
Batting: LHB Mike Papi
|
0-0: Swinging Strike 0-1: Ball 1-1: Ball 2-1: Foul Ball, location: 2F 2-2: Ball 3-2: Foul Ball, location: 2F 3-2: Foul Ball, location: 2F 3-2: Foul Ball, location: 2F 3-2: SOLO HOME RUN (Line Drive, 9D), Distance : 399 ft
|
Batting: RHB Caleb Joseph
|
0-0: Ball 1-0: Called Strike 1-1: Ground out 6-3 (Groundball, 6)
|
Batting: RHB Osvaldo Abreu
|
0-0: Ball 1-0: Fly out, F8 (Line Drive, 8RM)
|
Bottom of the 6th over - 1 run, 1 hit, 0 errors, 0 left on base; Rochester 9 - Tacoma 6 |
TOP OF THE 7TH |
Rochester Red Wings batting - Pitching for Tacoma Rainiers : RHP Yacksel Rios
|
Batting: LHB Mason Williams
|
0-0: Ball 1-0: Ball 2-0: Foul Ball, location: 2F 2-1: Foul Ball, location: 2F 2-2: TRIPLE (Line Drive, 89XD)
|
Pitching: RHP Kevin McCarthy
|
|
Batting: RHB Daniel Castro
|
0-0: Called Strike 0-1: Called Strike 0-2: Ball 1-2: Foul Ball, location: 2F 1-2: Ball Wild Pitch! Mason Williams scores 2-2: Ball 3-2: Strikes out looking
|
Batting: LHB Zach Borenstein
|
0-0: Called Strike 0-1: Swinging Strike 0-2: Foul Ball, location: 2F 0-2: Foul Ball, location: 2F 0-2: Ball 1-2: Strikes out swinging
|
Batting: RHB Michael Chavis
|
0-0: Foul Ball, location: 2F 0-1: Ball 1-1: Ground out 5-3 (Groundball, 56)
|
Top of the 7th over - 1 run, 1 hit, 0 errors, 0 left on base; Rochester 10 - Tacoma 6 |
BOTTOM OF THE 7TH |
Tacoma Rainiers batting - Pitching for Rochester Red Wings : RHP Felix Jorge
|
Pitching: RHP Michael Peoples
|
|
Batting: RHB Jeffrey Baez
|
0-0: Ball 1-0: Ball 2-0: Ground out 5-3 (Groundball, 56)
|
Batting: LHB Drew Robinson
|
0-0: Called Strike 0-1: Ball 1-1: Fly out, F7 (Flyball, 78S)
|
Batting: SHB Anthony Santander
|
0-0: Called Strike 0-1: Ball 1-1: DOUBLE (Flyball, 8RXD)
|
Batting: RHB Tyler O'Neill
|
0-0: Fly out, F3 (Popup, 3SF)
|
Bottom of the 7th over - 0 runs, 1 hit, 0 errors, 1 left on base; Rochester 10 - Tacoma 6 |
TOP OF THE 8TH |
Rochester Red Wings batting - Pitching for Tacoma Rainiers : RHP Kevin McCarthy
|
Batting: LHB Brett Nicholas
|
0-0: Foul Ball, location: 2F 0-1: Ball 1-1: Foul Ball, location: 2F 1-2: Foul Ball, location: 2F 1-2: Strikes out swinging
|
Batting: LHB Nolan Fontana
|
0-0: DOUBLE (Line Drive, 7LS)
|
Pitching: RHP Dan Altavilla
|
|
Batting: LHB Connor Panas
|
0-0: Called Strike 0-1: Called Strike 0-2: Ball 1-2: Strikes out looking
|
Batting: RHB Ryan McBroom
|
0-0: Called Strike 0-1: Ball 1-1: Ball 2-1: Ball 3-1: Foul Ball, location: 2F 3-2: SINGLE (Line Drive, 5D) Nolan Fontana to third Nolan Fontana scores
|
Batting: RHB Grayson Greiner
|
0-0: Ball 1-0: Ball 2-0: Single, Error in OF, E8, batter to second base (Groundball, 6MD) Ryan McBroom to third
|
Batting: LHB Mason Williams
|
0-0: Foul Ball, location: 2F 0-1: Ball 1-1: Foul Ball, location: 2F 1-2: Ball 2-2: Foul Ball, location: 2F 2-2: Foul Ball, location: 2F 2-2: Ground out U3 (Groundball, 3)
|
Top of the 8th over - 1 run, 3 hits, 1 error, 2 left on base; Rochester 11 - Tacoma 6 |
BOTTOM OF THE 8TH |
Tacoma Rainiers batting - Pitching for Rochester Red Wings : RHP Michael Peoples
|
Batting: RHB Austin Riley
|
0-0: Called Strike 0-1: Fly out, F7 (Flyball, 7D)
|
Batting: LHB Jose Marmolejos
|
0-0: Swinging Strike 0-1: Ground out 1-3 (Groundball, 34S)
|
Batting: LHB Mike Papi
|
0-0: Ball 1-0: Called Strike 1-1: Ball 2-1: Foul Ball, location: 2F 2-2: Ground out U3 (Groundball, 34)
|
Bottom of the 8th over - 0 runs, 0 hits, 0 errors, 0 left on base; Rochester 11 - Tacoma 6 |
TOP OF THE 9TH |
Rochester Red Wings batting - Pitching for Tacoma Rainiers : RHP Dan Altavilla
|
Batting: RHB Daniel Castro
|
0-0: Ball 1-0: Fly out, F8 (Flyball, 8RM)
|
Batting: LHB Zach Borenstein
|
0-0: Foul Ball, location: 2F 0-1: Ball 1-1: Swinging Strike 1-2: SINGLE (Groundball, 34D)
|
Pitching: RHP John Brebbia
|
|
Batting: RHB Michael Chavis
|
0-0: Ball 1-0: Hit by Pitch Zach Borenstein to second
|
Batting: LHB Brett Nicholas
|
0-0: Ball 1-0: Called Strike 1-1: Foul Ball, location: 2F 1-2: SINGLE (Groundball, 4MD) Zach Borenstein to third Michael Chavis to second Runner from 3rd tries for Home, SAFE, throw made home
|
Batting: LHB Nolan Fontana
|
0-0: Called Strike 0-1: Called Strike 0-2: Ball 1-2: Fly out, F9 (Line Drive, 9)
|
Batting: LHB Connor Panas
|
0-0: Ball 1-0: Swinging Strike Passed Ball! Michael Chavis to third Brett Nicholas to second 1-1: Fly out, F5 (Popup, 6)
|
Top of the 9th over - 1 run, 2 hits, 0 errors, 2 left on base; Rochester 12 - Tacoma 6 |
BOTTOM OF THE 9TH |
Tacoma Rainiers batting - Pitching for Rochester Red Wings : RHP Michael Peoples
|
Batting: RHB Caleb Joseph
|
0-0: Fly out, F8 (Flyball, 8LS)
|
Batting: RHB Osvaldo Abreu
|
0-0: Called Strike 0-1: Swinging Strike 0-2: Strikes out swinging
|
Batting: RHB Jeffrey Baez
|
0-0: Swinging Strike 0-1: Ball 1-1: Foul Ball, location: 2F 1-2: Ball 2-2: Fly out, F9 (Flyball, 9S)
|
Bottom of the 9th over - 0 runs, 0 hits, 0 errors, 0 left on base; Rochester 12 - Tacoma 6 |
|